 Dungeon Crawl Stone Soup version 0.31-a0-965-g8a8ce12e04 (webtiles) character file.

Game seed: 18180816999408611734

13 LeprechaunX the Changeling (level 2, 14/18 HPs)
             Began as an Octopode Shapeshifter on Oct 26, 2023.
             Was a Follower of Trog.
             Quit the game on level 1 of the Dungeon.
             The game lasted 00:00:42 (339 turns).

LeprechaunX the Changeling (Octopode Shapeshifter)   Turns: 339, Time: 00:00:42

Health: 14/18      AC:  1    Str: 13    XL:     2   Next: 37%
Magic:  2/2        EV: 13    Int: 12    God:    Trog [*.....]
Gold:   37         SH:  0    Dex: 11    Spells: 1/1 levels left

rFire   . .          .
                       - Unarmed
rCold   . . .        (no shield)
rNeg    . . .        (helmet currently unavailable)
rPois   .            (no amulet)
rElec   .            (no ring)
rCorr   .            (no ring)
SInv    .            (no ring)
Will    .....        (no ring)
Stlth   ++           (no ring)
HPRegen 0.23/turn    (no ring)
MPRegen 0.08/turn    (no ring)
                     (no ring)

%: no passive effects
@: beast-form
A: beast (slay +1), almost no armour, amphibious, 8 rings, camouflage 1,
gelatinous body 1, (nimble swimmer 1), tentacles
a: Begin Untransformation, Renounce Religion, Berserk


You were on level 1 of the Dungeon.
You worshipped Trog.
Trog was aware of your devotion.
You were a hulking beast.
You visited 1 branch of the dungeon, and saw 1 of its levels.

You collected 37 gold pieces.

Inventory:

Talismans
 b - a beast talisman
 c - a flux talisman
Scrolls
 d - 2 scrolls of fog {unknown}
 e - a scroll of teleportation {unknown}
 f - 2 scrolls of immolation
Potions
 a - a potion of lignification


   Skills:
 + Level 1.3 Fighting
 - Level 2.0 Dodging
 + Level 3.2 Unarmed Combat
 * Level 3.3 Shapeshifting


You had one spell level left.
You didn't know any spells.
Your spell library was empty.

Dungeon Overview and Level Annotations

Branches:
Dungeon (1/15)

Altars:
Trog


Innate Abilities, Weirdness & Mutations

You are a hulking beast.
Your limbs bulge with bestial killing power. (Slay +1)
You cannot wear most types of armour.
You are amphibious.
You can wear up to eight rings at the same time.
Your skin changes colour to match your surroundings (Stealth+).
Your rubbery body absorbs attacks. (AC +1, EV +1)
((You are camouflaged when in or above water. (Stealth+)))
You have tentacles for arms and can constrict up to eight enemies at once.


Message History

You tentacle-slap the kobold.
You kill the kobold!
The bat barely misses you.
You swing at nothing.
You swing at nothing.
A bat is nearby!
A bat is nearby!
A bat is nearby!
Found a scroll of immolation.
Found a faded altar of an unknown god.
The bat hits you but does no damage.
You tentacle-slap the bat. You grab the bat.
The bat is moderately wounded.
You constrict the bat. The bat hits you but does no damage.
The bat struggles to escape constriction.
The bat escapes!
You tentacle-slap the bat.
You kill the bat!
No target in view!
No target in view!
A hobgoblin comes into view.
A hobgoblin is nearby!
A hobgoblin is nearby!
A hobgoblin is nearby!
A hobgoblin is nearby!
The hobgoblin hits you.
You tentacle-slap the hobgoblin.
You kill the hobgoblin!
No target in view!
No target in view!
No target in view!
Found a fuming emerald potion.
Found a book of Necromancy and a club.
f - 2 scrolls of immolation (gained 1)
There is a faded altar of an unknown god here.
This altar belongs to (a) Nemelex Xobeh, (b) Trog or (c) Ru, but you can't tell which.
Press the corresponding letter to learn more about a god, or press enter to convert or escape to cancel.
Trog accepts your prayer! Trog welcomes you!
You can now go berserk at will.
You don't know any spells.
Are you sure you want to abandon this character and quit the game? (Confirm with "yes".)

...........))..# ...#
...).#####.###.###.#.##
.##### #.............
..# #..#..#....... #.#
#....#..#.#... .#
#..#...#...# ##
#.##..#..#.# #
#..........# #
....+....h..#.# #.####
###....#.....# #.....
#..#....#...... ######
#..#...#....!.. ...
#.#....#....#.# ####
#.....#.#..#... #.....
. .....: ###### .....)


There were no monsters in sight!

Vanquished Creatures
  A dart slug (D:1)
  4 bats (D:1)
  A goblin (D:1)
  2 hobgoblins (D:1)
  A kobold (D:1)
  A rat (D:1)
10 creatures vanquished.

Notes
Turn   | Place    | Note
-------+----------+-------------------------------------------
     0 | D:1      | LeprechaunX the Octopode Shapeshifter began the quest for
                  | the Orb.
     0 | D:1      | Reached XP level 1. HP: 13/13 MP: 1/1
   211 | D:1      | Reached XP level 2. HP: 17/18 MP: 2/2
   317 | D:1      | Found a faded altar of an unknown god.
   338 | D:1      | Prayed at the altar of an unknown god.
   338 | D:1      | Became a worshipper of Trog the Wrathful
   338 | D:1      | Reached * piety under Trog
   339 | D:1      | Quit the game

Illustrated notes

Levels and vault maps discovered:
D:1:      lightli_arrival_noodles, layout_loops_ring,
          hellmonk_ecumenical_altar_blasted

Action                     || total
---------------------------++-------
  Melee: Unarmed           ||    23
         Constrict         ||     6
         Tentacles         ||     1
   Stab: Sleeping          ||     1
 Armour: Skin              ||    11
  Dodge: Dodged            ||    20

Table legend: (Time is in decaauts)
 A = Elapsed time spent in this place.
 B = Non-inter-level travel time spent in this place.
 C = Inter-level travel time spent in this place.
 D = Time resting spent in this place.
 E = Time spent auto-exploring this place.
 F = Levels seen in this place.
 G = Mean time per level.
                   A        B        C        D        E       F      G
               +--------+--------+--------+--------+--------+-----+--------+
         Total |    337 |    337 |      0 |      0 |    260 |   1 |  337.0 |
       Dungeon |    337 |    337 |      0 |      0 |    260 |   1 |  337.0 |
               +--------+--------+--------+--------+--------+-----+--------+

Top non-repeatable levels by time:
     D:1: 337 daAuts
